[Event "27th CRO-chT 1A-Men 2018"]
[Site "Biograd"]
[Date "2018.09.13"]
[Round "6.11"]
[White "Golubovic, Boris"]
[Black "Medak, Bojan"]
[Result "1/2-1/2"]
[ECO "B08"]
[WhiteElo "2386"]
[BlackElo "2367"]
[Annotator "NA"]
[PlyCount "28"]
[EventDate "2018.09.08"]
[EventType "team-tourn"]
[EventCountry "CRO"]
[SourceTitle "playchess.com"]
[Source "ChessBase"]
[SourceQuality "1"]
[TimeControl "40/5400+30:1800+30"]

1. e4 Nc6 2. Nf3 d6 3. d4 Nf6 4. Nc3 g6 5. d5 Nb8 6. Be2 Bg7 7. O-O O-O 8. Be3 c6 9. a4 b6 10. Nd2 Bb7 11. Nc4 Nxe4 12. Nxe4 cxd5 13. Ncxd6 (13. Nexd6 $5 exd6 14. Bf3 $11) 13... exd6 14. Nc3 $1 Nd7 $11 1/2-1/2

[Event "27th CRO-chT 1A-Men 2018"]
[Site "Biograd"]
[Date "2018.09.13"]
[Round "6.28"]
[White "Bender, Ivan"]
[Black "Jukic, Zdenko"]
[Result "1-0"]
[ECO "A13"]
[WhiteElo "2261"]
[BlackElo "2319"]
[Annotator "NA"]
[PlyCount "43"]
[EventDate "2018.09.08"]
[EventType "team-tourn"]
[EventCountry "CRO"]
[SourceTitle "playchess.com"]
[Source "ChessBase"]
[SourceQuality "1"]
[TimeControl "40/5400+30:1800+30"]

1. Nf3 Nf6 2. c4 e6 3. g3 d5 4. Bg2 dxc4 {[%emt 0:01:30] LiveBook: 3442 Games} 5. Qa4+ Qd7 6. Qxc4 Qc6 7. Na3 Bxa3 8. Qxc6+ Nxc6 9. bxa3 Nd5 10. d3 f6 11. Bd2 Nce7 12. Rc1 c6 13. Nd4 e5 14. Nb3 b6 15. O-O Bb7 $14 16. Rb1 O-O-O 17. Rb2 c5 18. e4 Nc7 19. Bh3+ Kb8 20. Nxc5 Bc6 21. Rc1 Nb5 22. Ne6 1-0

[Event "27th CRO-chT 1A-Men 2018"]
[Site "Biograd"]
[Date "2018.09.13"]
[Round "6.29"]
[White "Zovko, Mario"]
[Black "Brnas, Augustin"]
[Result "1/2-1/2"]
[ECO "C49"]
[WhiteElo "2328"]
[BlackElo "2190"]
[Annotator "NA"]
[PlyCount "94"]
[EventDate "2018.09.08"]
[EventType "team-tourn"]
[EventCountry "CRO"]
[SourceTitle "playchess.com"]
[Source "ChessBase"]
[SourceQuality "1"]
[TimeControl "40/5400+30:1800+30"]

1. e4 e5 2. Nf3 Nc6 3. Nc3 Nf6 4. Bb5 Bb4 5. O-O O-O 6. d3 d6 7. Ne2 Ne7 8. c3 Ba5 9. Ng3 Ng6 10. Re1 {[%emt 0:00:30] C49: Four Knights: 4 Bb5 Bb4} c6 (10... a6 11. Ba4 b5 12. Bb3 c5 13. a4 Bd7 14. h3 b4 15. c4 Qc8 16. Be3 Ne8 17. Qd2 Bd8 {½-½ (31) Wang,H (2710)-Yu,Y (2759) Hangzhou 2018}) 11. Ba4 Bb6 12. h3 Be6 13. d4 Qc7 $146 ({Predecessor:} 13... exd4 14. Nxd4 d5 15. exd5 Bxd5 16. Ngf5 Qd7 {½-½ (31) Sasikiran,K (2632)-Kvetny,M (2389) Cappelle-la-Grande 2016}) 14. Bg5 Ne8 15. Bc2 f6 16. Be3 Qf7 17. Bb3 (17. a4 $16) 17... Nc7 18. Nf5 Rad8 19. Qc2 Ne7 20. N3h4 Kh8 21. Nxe7 Qxe7 22. a4 Qf7 23. Bxe6 Nxe6 24. Nf3 exd4 25. cxd4 d5 26. e5 f5 27. a5 Bc7 28. Ng5 Nxg5 29. Bxg5 Rde8 30. a6 Re6 31. axb7 Bb6 32. Rad1 Qxb7 33. Rd3 Qf7 34. Bd2 Qe7 35. Qa4 Re8 36. Rc1 Qh4 37. f4 Rc8 38. Kh2 Qf2 39. Qb3 Rg6 {[%emt 0:00:45] [#]} 40. Qxd5 $11 Qe2 41. Qf3 Rxg2+ 42. Qxg2 Qxd3 43. d5 Be3 44. Bxe3 Qxe3 45. Rxc6 Qxf4+ 46. Qg3 Qd2+ 47. Qg2 Qf4+ 1/2-1/2

[Event "27th CRO-chT 1A-Men 2018"]
[Site "Biograd"]
[Date "2018.09.13"]
[Round "6.30"]
[White "Ivankovic, Ivo"]
[Black "Cosic, Marin"]
[Result "1/2-1/2"]
[ECO "D13"]
[WhiteElo "2110"]
[BlackElo "2227"]
[Annotator "NA"]
[PlyCount "62"]
[EventDate "2018.09.08"]
[EventType "team-tourn"]
[EventCountry "CRO"]
[SourceTitle "playchess.com"]
[Source "ChessBase"]
[SourceQuality "1"]
[TimeControl "40/5400+30:1800+30"]

1. c4 c6 2. d4 d5 3. cxd5 cxd5 4. Nf3 Nf6 {[%emt 0:00:00] LiveBook: 4752 Games} 5. Bf4 Nc6 6. e3 {[%emt 0:01:30] D13: Damengambit (Slawische Verteidigung, Abtauschvariante)} e6 7. Nbd2 Be7 (7... Qb6 8. Rb1 Nh5 9. Bg5 h6 10. Bh4 g5 11. Bg3 g4 12. Ne5 Nxg3 13. hxg3 Nxe5 14. dxe5 h5 {½-½ (30) Artemiev,V (2701)-Adhiban,B (2661) Sharjah 2018}) 8. Bd3 Bd7 9. Rc1 $146 ({Vorgänger:} 9. O-O O-O 10. a3 Rc8 11. Rc1 Nh5 12. Be5 f6 13. Bg3 Nxg3 14. hxg3 Kh8 15. Nh4 {0-1 (67) Kartsev,A (1693)-Zeldin,V (1888) Duisburg 2006}) 9... Qb6 10. Qb3 Qxb3 11. Nxb3 Nh5 12. Be5 f6 13. Bc7 Rc8 14. Bg3 O-O 15. O-O Nxg3 16. hxg3 Nb4 17. Bb1 Bb5 18. Rxc8 Rxc8 19. Rc1 Rxc1+ 20. Nxc1 g6 21. a3 Nc6 22. Bd3 Ba4 $15 23. Ne2 Na5 24. Nc3 Bd7 25. Nd2 Kf7 26. b4 Nc6 27. Nb3 b6 28. Kf1 Ke8 29. Ke1 Nd8 30. Nb5 Nc6 31. Nc3 Bd6 1/2-1/2